 Dungeon Crawl Stone Soup version 0.22-a0-305-gd21a89c (webtiles) character file.

1552 Amnesiac the Prestidigitator (level 9, -7/51 HPs)
             Began as a Kobold Fighter on Mar 31, 2018.
             Was an Initiate of Gozag.
             Killed by divine providence
             ... invoked by an orc priest
              (12 damage)
             ... on level 6 of the Dungeon.
             The game lasted 00:09:07 (6320 turns).

Amnesiac the Prestidigitator (Kobold Fighter)       Turns: 6320, Time: 00:09:08

Health: -7/51      AC:  7    Str: 16      XL:     9   Next: 12%
Magic:  25/25      EV: 10    Int: 10      God:    Gozag
Gold:   745        SH:  9    Dex: 13 (14) Spells: 7/8 levels left

rFire    + . .     SeeInvis +   a - +1 short sword (venom)
rCold    + . .     Gourm    .   c - +0 shield
rNeg     . . .     Faith    .   b - +0 scale mail
rPois    .         Spirit   .   q - +0 helmet
rElec    .         Reflect  .   w - scarf {rC+ rF+}
rCorr    .         Harm     .   (no gloves)
MR       .....                  (no boots)
Stlth    ..........             (no amulet)
HPRegen  0.17/turn              I - ring of see invisible
MPRegen  0.19/turn              x - ring of magical power

@: gold aura
A: small, carnivore
a: Potion Petition, Call Merchant, Bribe Branch, Renounce Religion


You were on level 6 of the Dungeon.
You worshipped Gozag.
Gozag was pleased with you.
You were not hungry.

You visited 2 branches of the dungeon, and saw 7 of its levels.
You also visited: Sewer and Ossuary.

You collected 877 gold pieces.
You paid 132 gold pieces to Gozag.

Inventory:

Hand Weapons
 a - a +1 short sword of venom (weapon)
 p - a +0 rapier
Missiles
 l - 20 poisoned needles
Armour
 b - a +0 scale mail (worn)
 c - a +0 shield (worn)
 q - a +0 helmet (worn)
 w - a scarf of resistance (worn)
Jewellery
 h - an uncursed ring of wizardry
 x - a ring of magical power (right hand)
 I - a ring of see invisible (left hand)
Wands
 s - a wand of polymorph (21)
Scrolls
 g - 2 scrolls of fear {!r, unknown}
 n - a scroll of remove curse {!r}
 t - a scroll of brand weapon {!r, unknown}
 y - a scroll of immolation {!r, unknown}
 C - a scroll of noise {!r, unknown}
 E - a scroll of magic mapping {!r, unknown}
 G - a scroll of amnesia {!r, unknown}
 H - a scroll of torment {!r, unknown}
Potions
 d - a potion of might {!q}
 e - 3 potions of curing {!q}
 i - 2 potions of degeneration {!q}
 j - 3 potions of flight {!q}
 k - 4 potions of heal wounds {!q, unknown}
 m - 2 potions of haste {!q}
 o - 2 potions of lignification {!q, unknown}
 r - a potion of resistance {!q, unknown}
 u - 2 potions of berserk rage {!q}
 v - 2 potions of mutation {!q, unknown}
 A - a potion of invisibility {!q}
 B - a potion of agility {!q}
 D - a potion of ambrosia {!q}
 F - a potion of brilliance {!q}
Comestibles
 f - 7 rations


   Skills:
 - Level 3.2 Fighting
 - Level 8.0 Short Blades
 - Level 2.4 Armour
 - Level 2.9 Dodging
 - Level 2.4 Shields
 + Level 10.2 Evocations


You had 7 spell levels left.
You knew the following spells:

 Your Spells              Type           Power        Failure   Level  Hunger
z - Confusing Touch       Hex            #.....       100%        1    ##.....


Dungeon Overview and Level Annotations

Branches:
Dungeon (6/15)             Temple (1/1) D:5

Altars:
Ashenzari
Cheibriados
Dithmenos
Elyvilon
Fedhas
Gozag
Hepliaklqana
Kikubaaqudgha
Makhleb
Nemelex Xobeh
Okawaru
Qazlal
Ru
Sif Muna
Trog
Uskayaw
Vehumet
Wu Jian
Xom
Yredelemnul
Zin


Innate Abilities, Weirdness & Mutations

You are small and have problems with some larger weapons.
You are carnivorous and can eat meat at any time.


Message History

You hit the scorpion.
The scorpion is poisoned.
The scorpion is lightly wounded.
You block the scorpion's attack.
You kill the scorpion!
Your Evocations skill increases to level 10!
You eat one of the 8 rations.
That ration really hit the spot!
You now have 690 gold pieces (gained 6).
You now have 705 gold pieces (gained 15).
You now have 745 gold pieces (gained 40).
Found a stone staircase leading up.
No target in view!
An ogre comes into view. It is wielding a giant club.
The ogre shouts!
Found a leather armour.
An adder comes into view.
There are monsters nearby!
Found a stone staircase leading up.
There are monsters nearby!
An orc priest comes into view. It is wielding a dagger.
You hit the ogre.
The ogre is poisoned.
The ogre is lightly wounded.
The ogre barely misses you. The adder bites you but does no damage.
You hit the ogre.
The ogre looks as sick as possible!
The ogre is moderately wounded.
You hit the ogre.
The ogre looks as sick as possible!
The ogre is heavily wounded.
The adder misses you. The ogre hits you with a giant club!!
An orc comes into view. It is wielding a flail.
The adder barely misses you.
The orc priest miscasts a cantrip.
You block the adder's attack.
You feel your strength returning.
You feel a bit more experienced.
The orc priest invokes the aid of Beogh against you.
Beogh smites you!
* * * LOW HITPOINT WARNING * * *
The adder bites you but does no damage.
You hit the orc priest but do no damage.
The orc priest hits you but does no damage.
The adder closely misses you.
You hit the orc priest.
The orc priest is poisoned.
The orc priest is moderately wounded.
The adder bites you but does no damage.
An orc priest comes into view. It is wielding a club.
The orc priest shouts!
You hit the orc.
The orc is poisoned.
The orc is lightly wounded.
You block the adder's attack.
The orc priest calls upon Beogh to heal the orc.
The orc's wounds heal themselves!
You block the orc's attack.
You hit the orc priest but do no damage.
The orc priest looks as sick as possible!
The orc priest is moderately wounded.
You block the adder's attack.
You hit the orc priest.
The orc priest is severely wounded.
The orc priest calls down the wrath of Beogh upon you.
Pain shoots through your body!
* * * LOW HITPOINT WARNING * * *
You block the orc's attack. The adder bites you but does no damage.
The orc priest calls down the wrath of Beogh upon you.
Beogh smites you!
You die...
Your body crumbles into a pile of gold.

......## ..# ..##...######
#.# ............# ##.## .#<
..##...####.# ##.o.##.[..
..###.## #.# ####..........
......# #.# #.............
..#.#.#####.###.##o.........
#.#>............S.o...##...#
#.###.##########@.........##
#.....# ######.......####
#....#####...........##
####.#.......##...#.##
#.#.###...###.#### #.#.#
##### #.# ##.#.# #.#
###....#### #.#
.>.>......######.#


You could see 2 orc priests, an adder and an orc.

Vanquished Creatures
  Sigmund (D:3)
  A black bear (D:5)
  4 ogres
  2 centaurs
  A big kobold (Sewer)
  A bullfrog (D:6)
  A scorpion (D:6)
  A howler monkey (D:4)
  3 orc wizards
  A hound (D:3)
  3 iguanas
  A worker ant (D:4)
  A killer bee zombie (D:6)
  A big kobold zombie (Ossuary)
  A hound zombie (D:6)
  8 mummies (Ossuary)
  4 gnolls (D:4)
  5 adders
  A river rat (Sewer)
  A shadow imp (D:5)
  An ooze (D:2)
  4 worms
  2 dart slugs
  3 leopard geckos
  8 orcs
  4 bats (D:3)
  2 bat zombies (D:1)
  3 giant cockroaches
  A gnoll zombie (Ossuary)
  6 goblins
  8 hobgoblins
  6 jackals
  9 kobolds
  3 ball pythons
  8 frilled lizards
  A jackal skeleton (D:4)
  2 kobold zombies (Ossuary)
  2 leopard gecko skeletons (D:5)
  4 orc zombies (Ossuary)
  A quokka skeleton (D:5)
  8 rats
128 creatures vanquished.

Notes
Turn   | Place    | Note
-------+----------+-------------------------------------------
     0 | D:1      | Amnesiac the Kobold Fighter began the quest for the Orb.
     0 | D:1      | Reached XP level 1. HP: 14/14 MP: 1/1
   190 | D:2      | Reached skill level 1 in Dodging
   190 | D:2      | Reached XP level 2. HP: 17/19 MP: 2/2
   234 | D:2      | Reached XP level 3. HP: 23/23 MP: 3/3
   346 | D:3      | Found a glowing drain.
   358 | Sewer    | Entered a sewer
   571 | Sewer    | Noticed a big kobold
   609 | Sewer    | Killed a big kobold
   609 | Sewer    | Reached skill level 5 in Short Blades
   609 | Sewer    | Reached XP level 4. HP: 25/28 MP: 4/4
   609 | Sewer    | Reached XP level 5. HP: 28/32 MP: 5/5
   674 | Sewer    | Found a glowing silver altar of Zin.
  1223 | D:4      | Reached XP level 6. HP: 20/37 MP: 6/6
  1296 | D:3      | Noticed an ogre
  1313 | D:3      | Noticed Sigmund
  1434 | D:4      | Found an ancient bone altar of Kikubaaqudgha.
  1434 | D:4      | Found a basalt altar of Yredelemnul.
  1439 | D:4      | Found an iron altar of Okawaru.
  1441 | D:4      | Found a shattered altar of Ashenzari.
  1442 | D:4      | Found a white marble altar of Elyvilon.
  1643 | D:4      | Found a sand-covered staircase.
  1678 | Ossuary  | Entered an ossuary
  1812 | Ossuary  | Reached skill level 1 in Evocations
  1926 | Ossuary  | Reached skill level 2 in Evocations
  1926 | Ossuary  | Reached XP level 7. HP: 30/41 MP: 8/8
  2497 | D:4      | Reached skill level 3 in Evocations
  2636 | D:5      | Entered Level 5 of the Dungeon
  2655 | D:5      | Reached skill level 4 in Evocations
  2727 | D:5      | Found a stormy altar of Qazlal.
  2789 | D:5      | Reached skill level 5 in Evocations
  2822 | D:5      | Reached XP level 8. HP: 46/46 MP: 12/12
  2854 | D:5      | Found a staircase to the Ecumenical Temple.
  2862 | Temple   | Entered the Ecumenical Temple
  3049 | Temple   | Became a worshipper of Gozag Ym Sagoz the Greedy
  3093 | D:5      | Reached skill level 6 in Evocations
  3269 | D:3      | Killed Sigmund
  3269 | D:3      | Reached skill level 7 in Evocations
  3567 | D:1      | Learned a level 1 spell: Confusing Touch
  4661 | D:2      | Reached skill level 8 in Evocations
  5627 | D:5      | Found a bloodstained altar of Trog.
  5852 | D:6      | Reached skill level 9 in Evocations
  5935 | D:6      | Reached XP level 9. HP: 4/51 MP: 16/16
  6252 | D:6      | Reached skill level 10 in Evocations
  6320 | D:6      | Killed from afar by an orc priest

Vault maps used:
D:1:      saegor_arrival_fortress, roderic_roman_lattice,
          minmay_misc_feat_plants, amethyst_killhole
D:2:      minmay_surrounded
D:3:      cheibrodos_sewer_entry_sluice, first_ration, uniq_sigmund
D:4:      chequers_temple_overflow_minitemple, nicolae_ossuary_entry_ruins
D:5:      kennysheep_little_box, minmay_temple_entry_glassed_door,
          grunt_qazlal_clouds
Temple:   regret_index_temple_generic_petals
Sewer:    sewer_kobolds
Ossuary:  ossuary_tomb_3

Skill      XL: |  1  2  3  4  5  6  7  8  9 |
---------------+----------------------------+-----
Short Blades   | 3 4 5 6 8 |  8.0
Dodging        | 1 2 |  2.9
Evocations     | 2 5 9 10 | 10.2
Fighting       | |  3.2
Armour         | |  2.4
Shields        | |  2.4

Action                   |  1- 3 |  4- 6 |  7- 9 || total
-------------------------+-------+-------+-------++-------
Melee: Rapier            |    85 |   109 |       ||   194
       Short sword       |       |    78 |   265 ||   343
  Use: Potion            |       |     4 |     2 ||     6
       Scroll            |       |     3 |     5 ||     8
 Stab: Distracted        |       |       |     1 ||     1
  Eat: Chunk             |     7 |     3 |     6 ||    16
       Ration            |       |       |     1 ||     1
Armor: Scale mail        |    50 |    55 |    57 ||   162
Dodge: Dodged            |    45 |    85 |    83 ||   213
Block: Shield            |    43 |    98 |    95 ||   236

Table legend:
 A = Spawn XP
 B = Non-spawn XP
 C = Spawn XP percentage of total XP
 D = Spawn monster count
 E = Non-spawn monster count
 F = Spawn count percentage of total count
 G = Total turns spent on level
                    A         B        C        D         E        F      G
               +---------+---------+-------+---------+---------+-------+---------
         Total |       0 |    2218 |   0.0 |       0 |     128 |   0.0 |  6320
               +---------+---------+-------+---------+---------+-------+---------
           D:1 |       0 |      18 |   0.0 |       0 |      10 |   0.0 |  1023
           D:2 |       0 |     210 |   0.0 |       0 |      25 |   0.0 |   685
           D:3 |       0 |     444 |   0.0 |       0 |      29 |   0.0 |  1217
           D:4 |       0 |     240 |   0.0 |       0 |      13 |   0.0 |   790
           D:5 |       0 |     476 |   0.0 |       0 |      11 |   0.0 |   924
           D:6 |       0 |     524 |   0.0 |       0 |      13 |   0.0 |   503
         Sewer |       0 |     126 |   0.0 |       0 |      11 |   0.0 |   361
       Ossuary |       0 |     180 |   0.0 |       0 |      16 |   0.0 |   588
               +---------+---------+-------+---------+---------+-------+---------
